 Dungeon Crawl Stone Soup version 0.20-a0-1124-g2e29d97 (webtiles) character file.

77 Naow the Firebug (level 4, -3/27 HPs)
             Began as an Octopode Fire Elementalist on May 16, 2017.
             Slain by a kobold
             ... wielding a +0 short sword
              (7 damage)
             ... on level 2 of the Dungeon.
             The game lasted 00:03:30 (2363 turns).

Naow the Firebug (Octopode Fire Elementalist)       Turns: 2363, Time: 00:03:31

Health: -3/27      AC:  1    Str:  7    XL:     4   Next: 34%
Magic:  0/8        EV: 13    Int: 18    God:
Gold:   80         SH:  0    Dex: 12    Spells: 5/8 levels left

rFire    . . .     SeeInvis .   c - +0 dagger
rCold    . . .     Gourm    .   (no shield)
rNeg     . . .     Faith    .   (helmet restricted)
rPois    .         Spirit   .   (no amulet)
rElec    .         Reflect  .   (no ring)
rCorr    .         Harm     .   (no ring)
MR       .....                  (no ring)
Stlth    +++.......             (no ring)
Regen    0.1/turn               (no ring)
MPRegen  0.2/turn               (no ring)
                                (no ring)
                                (no ring)

@: no status effects
A: almost no armour, stealthy swim, amphibious, 8 rings, constrict 8, camouflage
1, gelatinous body 1
a: no special abilities


You were on level 2 of the Dungeon.
You were not hungry.

You visited 1 branch of the dungeon, and saw 2 of its levels.

You collected 80 gold pieces.

Inventory:

Hand Weapons
 c - a +0 dagger (weapon)
 i - a cursed -2 dagger
Jewellery
 l - an uncursed ring of protection from magic {unknown}
Scrolls
 e - 3 scrolls of identify {unknown}
 h - a scroll of noise {unknown}
 j - a scroll of remove curse {unknown}
Potions
 d - a potion of cancellation {unknown}
 k - a potion of heal wounds {unknown}
Books
 a - a book of Flames

   Spells                             Type                      Level
   a - Flame Tongue                   Conjuration/Fire             1
   b - Throw Flame                    Conjuration/Fire             2
   c - Conjure Flame                  Conjuration/Fire             3
   d - Inner Flame                    Hexes/Fire                   3
   e - Sticky Flame                   Conjuration/Fire             4
   f - Fireball                       Conjuration/Fire             5
Comestibles
 b - a bread ration
 f - 2 meat rations
 g - 6 chunks of flesh


   Skills:
 - Level 2.0 Dodging
 - Level 2.6 Stealth
 + Level 2.9 Spellcasting
 + Level 2.1 Conjurations
 + Level 3.9 Fire Magic


You had 5 spell levels left.
You knew the following spells:

 Your Spells              Type           Power        Failure   Level  Hunger
a - Flame Tongue          Conj/Fire      ##...        4%          1    None
b - Throw Flame           Conj/Fire      ##....       7%          2    ##.....


Dungeon Overview and Level Annotations

Branches:
Dungeon (2/15)

Altars:


Innate Abilities, Weirdness & Mutations

You cannot wear most types of armour.
You are very stealthy in the water. (Stealth+)
You are amphibious.
You can wear up to eight rings at the same time.
You can use your tentacles to constrict eight enemies at once.
Your skin changes colour to match your surroundings (Stealth+).
Your rubbery body absorbs attacks. (AC +1, EV +1)


Message History

Inscribe with what?
Okay, then.
Casting: Flame Tongue
Confirm with . or Enter, or press ? or * to list all spells.
Aiming: Flame Tongue
Press: ? - help, Shift-Dir - straight line, f - kobold
Aim: a kobold, wielding a short sword The flame tongue hits the kobold.
The kobold is moderately wounded.
The kobold barely misses you.
Casting: Flame Tongue
Confirm with . or Enter, or press ? or * to list all spells.
Aiming: Flame Tongue
Press: ? - help, Shift-Dir - straight line, f/p - kobold
Aim: a kobold, wielding a short sword (moderately wounded)
The flame tongue hits the kobold.
The kobold is heavily wounded.
The kobold hits you with a short sword!
You die...

.. #.# .. .. ...# #.#
#.#.........# #.#
#...#..$##..###.#####
..#....##...#÷.....#
#...#(# #........##
#..#..# #........# .
#†..###........# #..
#@..#####.....#
#...gK#†.....†.....+
#.........###########
.#.....#..#
..#...#...#
...###....# #..
..#...# .# #...#..#
..#.....#


You could see a hobgoblin and a kobold.

Vanquished Creatures
  An adder (D:2)
  An ooze (D:1)
  3 dart slugs (D:1)
  4 leopard geckos
  A ball python (D:2)
  2 giant cockroaches (D:1)
  5 goblins (D:2)
  6 hobgoblins
  6 jackals
  2 bats
  3 frilled lizards
  9 kobolds
  9 rats
52 creatures vanquished.

Notes
Turn   | Place    | Note
-------+----------+-------------------------------------------
     0 | D:1      | Naow the Octopode Fire Elementalist began the quest for the Orb.
     0 | D:1      | Reached XP level 1. HP: 11/11 MP: 3/3
    92 | D:1      | Reached XP level 2. HP: 11/17 MP: 1/5
   690 | D:1      | Reached XP level 3. HP: 20/21 MP: 2/6
  1137 | D:1      | Learned a level 2 spell: Throw Flame
  2056 | D:2      | Reached XP level 4. HP: 19/27 MP: 0/8
  2363 | D:2      | Slain by a kobold

Vault maps used:
D:1:      roderic_chinese_lattice_arrival
D:2:      tgw_fedhas, grunt_ministairs_5, minmay_splitting_lines,
          kennysheep_potato

Skill      XL: |  1  2  3  4 |
---------------+-------------+-----
Conjurations   | 2 |  2.1
Dodging        | |  2.0
Stealth        | |  2.6
Spellcasting   | |  2.9
Fire Magic     | |  3.9

Action                   |  1- 3 |  4- 6 || total
-------------------------+-------+-------++-------
Melee: Unarmed           |     7 |       ||     7
       Constrict         |     6 |     3 ||     9
       Tentacles         |     3 |     2 ||     5
       Dagger            |    17 |    12 ||    29
 Cast: Flame Tongue      |    61 |    18 ||    79
       Throw Flame       |     3 |     2 ||     5
 Stab: Sleeping          |     1 |       ||     1
  Eat: Chunk             |     4 |     1 ||     5
Armor: Skin              |     7 |     2 ||     9
Dodge: Dodged            |    45 |    18 ||    63
